 Dungeon Crawl Stone Soup version 0.30-a0-639-g3916f1956a (webtiles) character file.

Game seed: 12281279341219480448

98 Sabo the Firebug (level 4, -4/27 HPs)
             Began as an Octopode Fire Elementalist on Jan 16, 2023.
             Slain by a gnoll
             ... wielding a +0 flail
              (11 damage)
             ... on level 3 of the Dungeon.
             The game lasted 00:16:18 (3117 turns).

Sabo the Firebug (Octopode Fire Elementalist)       Turns: 3117, Time: 00:16:18

Health: -4/27      AC:  1    Str:  7    XL:     4   Next: 71%
Magic:  13/17      EV: 13    Int: 19    God:
Gold:   96         SH:  0    Dex: 12    Spells: 5/8 levels left

rFire   . . .      SeeInvis .    l - +0 short sword
rCold   . . .      Faith    .    (no shield)
rNeg    . . .      Spirit   .    (helmet restricted)
rPois   .          Reflect  .    d - amulet of the acrobat
rElec   .          Harm     .    i - ring of wizardry
rCorr   .          Rampage  .    m - ring of magical power
Will    .....                    (no ring)
Stlth   +++                      (no ring)
HPRegen 0.24/turn                (no ring)
MPRegen 0.15/turn                (no ring)
                                 (no ring)
                                 (no ring)

@: no status effects
A: almost no armour, amphibious, 8 rings, camouflage 1, gelatinous body 1,
(nimble swimmer 1), tentacles
a: no special abilities


You were on level 3 of the Dungeon.
You visited 1 branch of the dungeon, and saw 3 of its levels.

You collected 96 gold pieces.

Inventory:

Hand Weapons
 l - a +0 short sword (weapon)
 r - a +2 quarterstaff of chaos
Jewellery
 d - an amulet of the acrobat (around mantle)
 i - a ring of wizardry (left tentacle)
 m - a ring of magical power (right tentacle)
Scrolls
 b - a scroll of poison
 f - a scroll of fog
 g - 2 scrolls of amnesia
 h - a scroll of torment {unknown}
 k - a scroll of immolation {unknown}
Potions
 a - 2 potions of magic
 c - a potion of curing {unknown}
 e - a potion of ambrosia {unknown}
 j - a potion of degeneration {unknown}
 n - a potion of berserk rage {unknown}
 o - a potion of haste {unknown}
 p - a potion of cancellation {unknown}
 q - a potion of heal wounds {unknown}


   Skills:
 + Level 0.1 Fighting
 + Level 0.3 Short Blades
 + Level 2.3 Dodging
 + Level 3.3 Stealth
 + Level 0.3 Unarmed Combat
 + Level 2.6 Spellcasting
 + Level 1.4 Conjurations
 + Level 4.1 Fire Magic


You had 5 spell levels left.
You knew the following spells:

 Your Spells              Type           Power      Damage    Failure   Level
a - Foxfire               Conj/Fire      52%        2x1d6     1%          1
b - Scorch                Fire           36%        2d7       1%          2

Your spell library contained the following spells:

 Spells                   Type           Power      Damage    Failure   Level
 Apportation              Tloc           4%         N/A       6%          1
 Necrotise                Necr           8%         1d4       6%          1
 Summon Small Mammal      Summ           8%         N/A       6%          1
 Inner Flame              Hex/Fire       10%        N/A       9%          3
 Kindle Blastsparks       Fire/Tloc/Air  14%        2d11      11%         3
 Flame Wave               Conj/Fire      13%        2d6       21%         4


Dungeon Overview and Level Annotations

Branches:
Dungeon (3/15)

Altars:


Innate Abilities, Weirdness & Mutations

You cannot wear most types of armour.
You are amphibious.
You can wear up to eight rings at the same time.
Your skin changes colour to match your surroundings (Stealth+).
Your rubbery body absorbs attacks. (AC +1, EV +1)
((You are camouflaged when in or above water. (Stealth+)))
You have tentacles for arms and can constrict up to eight enemies at once.


Message History

You start resting.
Magic restored.
You start waiting.
Done waiting.
There is a stone staircase leading up here.
Found a fuming clear potion.
c - a fuming clear potion
Found a long sword and 15 gold pieces.
A gnoll comes into view. It is wielding a +0 flail.
Found 5 gold pieces.
A gnoll comes into view. It is wielding a +0 club.
The gnoll shouts!
You hear a shout!
The gnoll shouts!
A gnoll comes into view. It is wielding a +0 spear.
The gnoll throws a throwing net.
The throwing net hits you.
You become entangled in the net!
The gnoll moves out of view.
You see here a throwing net.
You struggle against the net.
You struggle against the net.
You struggle against the net.
You rip the net and break free!
The gnoll hits you with a +0 flail!
A gnoll comes into view. It is wielding a +0 club.
The gnoll shouts!
The gnoll barely misses you.
Casting: Scorch (safe; 1% risk of failure)
Confirm with . or Enter, or press ? or * to list all spells.
Flames lash the gnoll.
The gnoll is heavily wounded.
The gnoll's fire resistance burns away.
You hear a shout!
The gnoll hits you with a +0 flail!
The gnoll hits you from afar with a +0 spear.
* * * LOW HITPOINT WARNING * * *
Unknown command.
Casting: Scorch (safe; 1% risk of failure)
Confirm with . or Enter, or press ? or * to list all spells.
Flames lash the gnoll.
The gnoll is lightly wounded.
The gnoll's fire resistance burns away.
The gnoll hits you but does no damage. The gnoll hits you with a +0 flail!
You die...

#..# #..# #..#
#..# ##### #..#
#...# #..# #...#
##########...#
#.......@gg..#
#.########....gg..
#.# #..# #.....##g
#.# #.)# #.....#
#.# #..# #.....#
#.# #..# #.....#
#.# #..# #.#....#
#.# #$.###.......
#.## ....


You could see 4 gnolls.

Vanquished Creatures
  Crazy Yiuf (D:2)
  2 adders (D:2)
  2 worms (D:2)
  A dart slug (D:1)
  3 bats
  5 endoplasms
  5 giant cockroaches
  5 goblins
  5 hobgoblins
  5 kobolds
  A quokka (D:3)
  2 ball pythons (D:2)
  A frilled lizard (D:1)
  4 rats
42 creatures vanquished.

Vanquished Creatures (collateral kills)
  A foxfire (D:1)
1 creature vanquished.

Vanquished Creatures (others)
  46 foxfires
46 creatures vanquished.

Grand Total: 89 creatures vanquished

Notes
Turn   | Place    | Note
-------+----------+-------------------------------------------
     0 | D:1      | Sabo the Octopode Fire Elementalist began the quest for the
                  | Orb.
     0 | D:1      | Reached XP level 1. HP: 11/11 MP: 3/3
   429 | D:1      | Reached XP level 2. HP: 17/17 MP: 3/5
  1532 | D:2      | Found a runed translucent door.
  1548 | D:2      | Reached XP level 3. HP: 21/21 MP: 4/6
  1570 | D:2      | Learned a level 2 spell: Scorch
  2231 | D:2      | Reached XP level 4. HP: 27/27 MP: 2/7
  2729 | D:2      | Noticed Crazy Yiuf
  2735 | D:2      | Killed Crazy Yiuf
  2736 | D:2      | Reached skill level 4 in Fire Magic
  3117 | D:3      | Slain by a gnoll

Illustrated notes

Levels and vault maps discovered:
D:1:      grunt_arrival_crossed_arrows, layout_rooms, minmay_misc_feat_enclosed,
          chequers_big_river, minmay_misc_feat_alley, corexii_leaking_fountain,
          roderic_lattice_a
D:2:      layout_rooms, minmay_circle_x, uniq_crazy_yiuf_cottage
D:3:      layout_rooms, mainiacjoe_overflow_two_lobes, lemuel_round_altar,
          serial_co_window_serial, co_window_of_opportunity_a,
          co_window_paths_a, co_window_paths_a, co_window_of_opportunity_a,
          co_window_of_opportunity_a, co_window_of_opportunity_b,
          co_window_cross_3, co_window_unsneaky_path_a, co_window_2corner,
          co_window_broadway_b, co_window_of_opportunity_b, co_window_sun,
          glass_columns_b, glass_columns_a, glass_columns_b,
          amcnicky_mini_rare_corridor_liquid, minivault_26

Skill      XL: |  1  2  3  4 |
---------------+-------------+-----
Stealth        | 3 |  3.3
Fire Magic     | 4 |  4.1
Fighting       | |  0.1
Short Blades   | |  0.3
Dodging        | |  2.3
Unarmed Combat | |  0.3
Spellcasting   | |  2.6
Conjurations   | |  1.4

Action                   |  1- 3 |  4- 6 || total
-------------------------+-------+-------++-------
Melee: Unarmed           |     2 |       ||     2
       Club              |    10 |       ||    10
       Constrict         |    11 |     1 ||    12
       Tentacles         |     8 |     1 ||     9
       Dagger            |    17 |       ||    17
       Short sword       |       |     2 ||     2
 Cast: Foxfire           |    26 |       ||    26
       Scorch            |    12 |    10 ||    22
  Use: Scroll            |     2 |     1 ||     3
 Stab: Sleeping          |     2 |       ||     2
Armor: Skin              |     7 |     1 ||     8
Dodge: Dodged            |    28 |     3 ||    31

Table legend: (Time is in decaauts)
 A = Elapsed time spent in this place.
 B = Non-inter-level travel time spent in this place.
 C = Inter-level travel time spent in this place.
 D = Time resting spent in this place.
 E = Time spent auto-exploring this place.
 F = Levels seen in this place.
 G = Mean time per level.
                   A        B        C        D        E       F      G
               +--------+--------+--------+--------+--------+-----+--------+
         Total |   3117 |   3117 |      0 |   1281 |      0 |   3 | 1039.0 |
       Dungeon |   3117 |   3117 |      0 |   1281 |      0 |   3 | 1039.0 |
               +--------+--------+--------+--------+--------+-----+--------+

Top non-repeatable levels by time:
     D:1: 1460 daAuts
     D:2: 1444 daAuts
     D:3: 212 daAuts
